 Dungeon Crawl Stone Soup version 0.17-a0-1625-g47e540b (webtiles) character file.

19 Howbazah the Ruffian (level 2, 29/29 HPs)
             Began as a Troll Berserker on May 25, 2015.
             Was a Follower of Trog.
             Quit the game on level 1 of the Dungeon on Aug 2, 2015.
             The game lasted 00:05:14 (571 turns).

Howbazah the Ruffian (Troll Berserker)               Turns: 571, Time: 00:05:15

Health: 29/29      AC:  5    Str: 24    XL:     2   Next: 55%
Magic:  1/1        EV: 10    Int:  3    God:    Trog [*.....]
Gold:   44         SH:  0    Dex:  9    Spells: 0 memorised, 1 level left

rFire  . . .     SeeInvis .       - Unarmed
rCold  . . .     Clarity  .     a - +0 animal skin
rNeg   . . .     SustAt   .     (no shield)
rPois  .         Gourm    +     (helmet restricted)
rElec  .         Spirit   .     (no cloak)
rCorr  .         Warding  .     (gloves unavailable)
rMut   .         Stasis   .     (boots unavailable)
MR     .....                    (no amulet)
Stlth  +.........               (no ring)
                                (no ring)

@: not resistant to hostile enchantments, very unstealthy
A: unfitting armour, claws 3, fast metabolism 3, gourmand, regeneration 2,
shaggy fur 1, tough skin 2
a: Burn Spellbooks, Berserk, Renounce Religion


You were on level 1 of the Dungeon.
You worshipped Trog.
Trog was aware of your devotion.
You were not hungry.

You visited 1 branch of the dungeon, and saw 2 of its levels.

You collected 44 gold pieces.

Inventory:

Armour
 a - a +0 animal skin (worn)
 i - a +0 robe
Scrolls
 d - a scroll of teleportation {unknown}
 e - 2 scrolls of recharging {unknown}
 g - a scroll of fear {unknown}
 j - 2 scrolls of random uselessness {unknown}
Potions
 c - a potion of invisibility {unknown}
 h - a potion of curing {unknown}
 l - a potion of resistance {unknown}
Comestibles
 b - 2 bread rations
 f - a chunk of flesh
 k - a royal jelly


   Skills:
 - Level 2.6 Fighting
 - Level 2.5 Dodging
 + Level 3.5 Unarmed Combat


You had one spell level left.
You didn't know any spells.

Dungeon Overview and Level Annotations

Branches:
Dungeon (2/15)

Altars:


Innate Abilities, Weirdness & Mutations

You are too large for most types of armour.
You have claws for hands.
Your metabolism is lightning-fast.
You like to eat raw meat.
You heal very quickly.
You are covered in fur (AC +1).
You have very tough skin (AC +2).


Message History

There is an open door here.
You see here a rat skeleton.
Save game and exit?
Welcome back, Howbazah the Troll Berserker.
Trog says: Kill them all!
Press ? for a list of commands and other information.
Unknown command.
Drink which item? (? for menu, Esc to quit)
Okay, then.
Quiver which item? (- for none, * to show all) (? for menu, Esc to quit)
Okay, then.
Press: ? - help, v - describe, . - travel, g - get item A rat skeleton.
An open door.
Unknown command.
Unknown command.
Unknown command.
Unknown command.
Unknown command.
Are you sure you want to abandon this character and quit the game? (Confirm with "yes".)

.# #<#...#...#...#...#...##..#
##
.#######.#.#####.#######.##..#
#. ......##...#
#.......#.##..# #.
############
###########.##..###.
#................... ######
#.#######.......###. .....#
#####>....# #.......# #.
.....# #......##+###.......#
#. .....#
#......@.)..........+ #.
.....# #......#............#
#. ######
#......#.....##..##.. ..
#......#.....+...###.. .
#......#.....# #......#.....#
#......#.....# #####
#......#######
....######......#


There were no monsters in sight!

Vanquished Creatures
  A giant gecko (D:1)
  A bat (D:1)
  2 giant cockroaches (D:1)
  2 goblins (D:1)
  3 hobgoblins (D:1)
  3 jackals (D:1)
  A ball python (D:1)
  A giant newt (D:1)
  A rat (D:1)
15 creatures vanquished.

Notes
Turn   | Place    | Note
--------------------------------------------------------------
     0 | D:1      | Howbazah the Troll Berserker began the quest for the Orb.
     0 | D:1      | Reached XP level 1. HP: 22/22 MP: 0/0
   105 | D:1      | Reached XP level 2. HP: 23/29 MP: 1/1
   571 | D:1      | Upgraded the game from 0.17-a0-1133-gfb1399f to 0.17-a0-1625-g47e540b
   571 | D:1      | Quit the game

Vault maps used:
D:1:      elethiomel_arrival_maze
D:2:      cheibriados_altar_1, yredelemnul_forgotten_temple_becter,
          okawaru_metal_pillars_1_2, uniq_crazy_yiuf_cottage

Action                   || total
-------------------------++-------
Melee: Unarmed           ||    27
  Eat: Bread ration      ||     1
       Chunk             ||     1
